 Dungeon Sprint DCSS version 0.31.0-1-g2c135a0 (webtiles) character file.

Game seed: 11821999030386604204

533 PurpleRed the Destroyer (level 7, -1/37 HPs)
             Began as a Deep Elf Conjurer on Mar 28, 2024.
             Was a High Priest of Sif Muna.
             Slain by a demonic crawler (13 damage)
             ... in the Dungeon (Sprint VII: "The Pits").
             The game lasted 00:05:32 (658 turns).

PurpleRed the Destroyer (Deep Elf Conjurer)          Turns: 658, Time: 00:05:32

Health: -1/37      AC:  2    Str:  4    XL:     7   Next: 4%
Magic:  0/24       EV: 12    Int: 25    God:    Sif Muna [*****.]
Gold:   0          SH:  0    Dex: 13    Spells: 5/29 levels left

rFire   . . .        m - +2 dagger (venom)
rCold   . . .        (no shield)
rNeg    . . .        a - +0 robe
rPois   .            (no helmet)
rElec   .            (no cloak)
rCorr   .            (no gloves)
SInv    .            (no boots)
Will    .....        (no amulet)
Stlth   ++           (no ring)
HPRegen 0.26/turn    (no ring)
MPRegen 0.19/turn

%: no teleportation
@: very slightly contaminated
A: no striking features
a: Renounce Religion, Channel Magic, Forget Spell, Divine Exegesis


You were in the Dungeon.
You worshipped Sif Muna.
Sif Muna was extremely pleased with you.
You visited 1 branch

Inventory:

Hand Weapons
 f - a +2 dagger
 m - a +2 dagger of venom (weapon)
Armour
 a - a +0 robe (worn)
Scrolls
 g - a scroll of blinking
 j - 2 scrolls of vulnerability
 k - 5 scrolls of amnesia
Potions
 b - 4 potions of magic
 c - 6 potions of curing
 d - 6 potions of heal wounds
 e - a potion of haste
 h - 2 potions of berserk rage
 i - 2 potions of invisibility


   Skills:
 + Level 0.9 Fighting
 - Level 2.4 Dodging
 - Level 2.4 Stealth
 + Level 11.6 Spellcasting
 * Level 13.7 Conjurations
 + Level 1.1 Translocations
 + Level 0.0 Fire Magic
 + Level 1.1 Alchemy
 + Level 1.2 Invocations


You had 5 spell levels left.
You knew the following spells:

 Your Spells              Type           Power      Damage    Failure   Level
a - Magic Dart            Conj           100%       1d8       0%          1
b - Searing Ray           Conj           100%       2d8       1%          2
c - Fulminant Prism       Conj/Alch      25%        3d14      1%          4
d - Iskenderun's Mystic   Conj/Tloc      51%        2d11      1%          4
e - Orb of Destruction    Conj           35%        9d10      13%         7
f - Starburst             Conj/Fire      24%        6d8       36%         6

Your spell library contained the following spells:

 Spells                   Type           Power      Damage    Failure   Level
 Kiss of Death            Conj/Necr      100%       2d13      1%          1
 Summon Ice Beast         Ice/Summ       14%        N/A       13%         3
 Sculpt Simulacrum        Ice/Alch       8%         N/A       99%         6


Dungeon Overview and Level Annotations

Branches:
Dungeon (1/1)

Altars:
Ashenzari
Cheibriados
Dithmenos
Elyvilon
Fedhas
Gozag
Hepliaklqana
Kikubaaqudgha
Makhleb
Nemelex Xobeh
Okawaru
Qazlal
Ru
Sif Muna
Trog
Uskayaw
Vehumet
Wu Jian
Xom
Yredelemnul
Zin
The Shining One
Jiyva
Lugonu


Message History

Magic courses through your body.
The demonic crawler barely misses you. x2
The demonic crawler hits you.
Casting: Iskenderun's Mystic Blast (dangerous; 1% risk of failure)
Confirm with . or Enter, or press ? or * to list all spells.
You erupt in a blast of force!
The mystic blast hits the demonic crawler!
The demonic crawler is moderately wounded.
The demonic crawler is knocked back by the mystic blast.
There is an open door here.
Casting: Iskenderun's Mystic Blast (dangerous; 1% risk of failure)
Confirm with . or Enter, or press ? or * to list all spells.
Aiming: Fulminant Prism (dangerous; 1% risk of failure)
Press: ? - help, Dir - move target You conjure a prism of explosive energy!
A fulminant prism comes into view.
Your fulminant prism crackles loudly.
Your fulminant prism explodes!
The blast of energy engulfs the demonic crawler!
The demonic crawler is moderately wounded.
Casting: Fulminant Prism (dangerous; 1% risk of failure)
Confirm with . or Enter, or press ? or * to list all spells.
You erupt in a blast of force!
The mystic blast hits the demonic crawler.
The demonic crawler is moderately wounded.
The demonic crawler is knocked back by the mystic blast.
Casting: Iskenderun's Mystic Blast (dangerous; 1% risk of failure)
Confirm with . or Enter, or press ? or * to list all spells.
You miscast Iskenderun's Mystic Blast.
You are very lightly contaminated with residual magic.
Space twists in upon itself.
You are magically locked in place.
Casting: Iskenderun's Mystic Blast (dangerous; 1% risk of failure)
Confirm with . or Enter, or press ? or * to list all spells.
You erupt in a blast of force!
The mystic blast hits the demonic crawler.
The demonic crawler is moderately wounded.
You are no longer firmly anchored in space.
You are no longer robbed of momentum.
The demonic crawler completely misses you.
The demonic crawler hits you. The demonic crawler hits you!
You die...

###########
_________.#
_________.#
_______...##########
##########'##........
#..(.')))'.##......#.
##########.##........
#..s@.......'........
#'#####'#####......#.
#.#..#...'.##........
#)#..#...#.#####'####
#.#..#####.##.......#
#)#..†...#†##.......#
#.#..')††'.##.......#
#.#..########...<...#
#†#..'[))).##.......#


You could see a demonic crawler.

Vanquished Creatures
  A glass eye (D)
  A crocodile (D)
  A wolf (D)
  A scorpion (D)
  A jelly (D)
  A gnoll bouda (D)
  5 gnolls (D)
  A river rat (D)
  An ufetubus (D)
  A dart slug (D)
  2 orcs (D)
  An endoplasm (D)
  3 jackals (D)
  A bat (D)
  A quokka skeleton (D)
  A rat (D)
23 creatures vanquished.

Vanquished Creatures (others)
  7 fulminant prisms (D)
7 creatures vanquished.

Grand Total: 30 creatures vanquished

Notes
Turn   | Place    | Note
-------+----------+-------------------------------------------
     0 | D        | PurpleRed the Deep Elf Conjurer began the quest for the
                  | Orb.
     0 | D        | Reached XP level 1. HP: 10/10 MP: 6/6
     8 | D        | Noticed a glass eye
    27 | D        | Killed a glass eye
    28 | D        | Reached skill level 10 in Conjurations
    28 | D        | Reached XP level 2. HP: 15/15 MP: 0/13
    28 | D        | Reached XP level 3. HP: 19/19 MP: 0/15
    28 | D        | Reached XP level 4. HP: 24/24 MP: 0/16
    28 | D        | Reached XP level 5. HP: 28/28 MP: 0/18
   130 | D        | Learned a level 2 spell: Searing Ray
   135 | D        | Learned a level 4 spell: Fulminant Prism
   140 | D        | Learned a level 4 spell: Iskenderun's Mystic Blast
   167 | D        | Found a glowing golden altar of the Shining One.
   167 | D        | Found a glowing silver altar of Zin.
   167 | D        | Found a basalt altar of Yredelemnul.
   167 | D        | Found a shimmering altar of Xom.
   167 | D        | Found an ornate altar of the Wu Jian Council.
   167 | D        | Found a bloodstained altar of Trog.
   167 | D        | Found a shimmering blue altar of Sif Muna.
   167 | D        | Found a sacrificial altar of Ru.
   167 | D        | Found a stormy altar of Qazlal.
   167 | D        | Found an iron altar of Okawaru.
   167 | D        | Found a sparkling altar of Nemelex Xobeh.
   167 | D        | Found a burning altar of Makhleb.
   167 | D        | Found a viscous altar of Jiyva.
   167 | D        | Found a hazy altar of Hepliaklqana.
   167 | D        | Found an opulent altar of Gozag.
   167 | D        | Found a blossoming altar of Fedhas.
   167 | D        | Found a white marble altar of Elyvilon.
   167 | D        | Found a shadowy altar of Dithmenos.
   167 | D        | Found a snail-covered altar of Cheibriados.
   168 | D        | Found a radiant altar of Vehumet.
   168 | D        | Found a corrupted altar of Lugonu.
   169 | D        | Found an ancient bone altar of Kikubaaqudgha.
   169 | D        | Found a hide-covered altar of Uskayaw.
   169 | D        | Found a broken altar of Ashenzari.
   170 | D        | Became a worshipper of Sif Muna the Loreminder
   212 | D        | Reached * piety under Sif Muna
   213 | D        | Reached skill level 11 in Conjurations
   252 | D        | Reached ** piety under Sif Muna
   298 | D        | Noticed a crocodile
   307 | D        | Killed a crocodile
   307 | D        | Reached *** piety under Sif Muna
   308 | D        | Reached skill level 10 in Spellcasting
   308 | D        | Reached skill level 12 in Conjurations
   308 | D        | Reached XP level 6. HP: 31/32 MP: 11/21
   416 | D        | Reached skill level 13 in Conjurations
   419 | D        | Reached **** piety under Sif Muna
   496 | D        | Reached ***** piety under Sif Muna
   538 | D        | Reached skill level 1 in Translocations
   538 | D        | Reached skill level 1 in Alchemy
   538 | D        | Reached skill level 1 in Invocations
   538 | D        | Reached XP level 7. HP: 37/37 MP: 17/24
   597 | D        | Received a gift from Sif Muna
   598 | D        | Got Sif Muna's Exposition on Fulgent Frostbite {god gift}
   607 | D        | Learned a level 7 spell: Orb of Destruction
   614 | D        | Learned a level 6 spell: Starburst
   618 | D        | Noticed a demonic crawler
   658 | D        | Slain by a demonic crawler

Illustrated notes

Levels and vault maps discovered:
D:        pitsprint [storerooms_1, entrance_room_1, metal_vault_3, armoury_2,
          mini_pit_1, grid_room_1, main_hall_1, silver_pit, the_coven_3,
          the_vestibule_1, steel_vault_4, golden_pit, hallway_of_sentries,
          crystal_vault_5, iron_vault_3, final_vault]

Skill      XL: |  1  2  3  4  5  6 |
---------------+-------------------+-----
Spellcasting   | 8 10 11 | 11.6
Conjurations   | 10 12 13 | 13.7
Translocations | 1 |  1.1
Alchemy        | 1 |  1.1
Invocations    | 1 |  1.2
Fighting       | |  0.9
Dodging        | |  2.4
Stealth        | |  2.4

Action                     |  1- 3 |  4- 6 |  7- 9 || total
---------------------------+-------+-------+-------++-------
  Melee: Unarmed           |    10 |       |       ||    10
         Punch             |     1 |       |       ||     1
         Dagger            |       |     1 |       ||     1
   Cast: Magic Dart        |     7 |     9 |     3 ||    19
         Fulminant Prism   |       |     6 |     1 ||     7
         Searing Ray       |       |     3 |     1 ||     4
         Iskenderun's Myst |       |     1 |    10 ||    11
    Use: Potion            |     1 |       |     1 ||     2
         Scroll            |       |       |     1 ||     1
 Armour: Robe              |       |     7 |     7 ||    14
  Dodge: Dodged            |       |     4 |     5 ||     9
